 Dungeon Crawl Stone Soup version 0.22-a0-412-g2b68d14 (webtiles) character file.

16956 Borgoz the Cleaver (level 12, -17/76 HPs)
             Began as a Gargoyle Abyssal Knight on May 12, 2018.
             Was a High Priest of Lugonu.
             Hit by a javelin of returning thrown by Urug (18 damage)
             ... on level 12 of the Dungeon.
             The game lasted 00:34:48 (17412 turns).

Borgoz the Cleaver (Gargoyle Abyssal Knight)       Turns: 17412, Time: 00:34:49

Health: -17/76     AC: 24    Str: 17    XL:     12   Next: 42%
Magic:  18/18      EV: 10    Int: 17    God:    Lugonu [*****.]
Gold:   690        SH:  0    Dex: 13    Spells: 11/11 levels left

rFire    . . .     SeeInvis .   a - +2 hand axe (flame)
rCold    . . .     Gourm    .   (no shield)
rNeg     + + +     Faith    .   k - +0 chain mail "Qebuh" {rN++} (curse)
rPois    ∞         Spirit   .   (no helmet)
rElec    +         Reflect  .   v - +0 cloak
rCorr    .         Harm     .   (no gloves)
MR       .....                  l - +1 pair of boots
Stlth    ..........             (no amulet)
HPRegen  0.22/turn              s - +4 ring of intelligence
MPRegen  0.16/turn              (no ring)

@: no status effects
A: negative energy resistance 1, electricity resistance, unbreathing,
petrification resistance, rot immunity, AC +8
a: Depart the Abyss, Bend Space, Banish, Corrupt, Enter the Abyss, Renounce
Religion


You were on level 12 of the Dungeon.
You worshipped Lugonu.
Lugonu was extremely pleased with you.
You were hungry.

You visited 4 branches of the dungeon, and saw 15 of its levels.
You visited the Abyss 2 times.
You also visited: Sewer and Ossuary.

You collected 851 gold pieces.
You spent 161 gold pieces at shops.

Inventory:

Hand Weapons
 a - a +2 hand axe of flaming (weapon)
 b - a +0 mace of holy wrath
 o - a +0 whip of freezing
 t - a +3 quarterstaff of chaos
Armour
 j - the +2 robe "Xiarphikh" {rPois rC- Regen+ SInv, unknown}
   (You found it on level 9 of the Dungeon)

   It makes you vulnerable to cold.
   It protects you from poison.
   It lets you see invisible.
   It increases your rate of regeneration.
 k - the cursed +0 chain mail "Qebuh" (worn) {rN++}
   (You bought it in a shop on level 6 of the Dungeon)

   It greatly protects you from negative energy.
   It has a curse placed upon it.
 l - a +1 pair of boots (worn)
 u - a +0 leather armour
 v - a +0 cloak (worn)
Jewellery
 s - a +4 ring of intelligence (left hand)
Wands
 h - a wand of polymorph (14)
 m - a wand of disintegration (9)
 n - a wand of clouds (7)
 y - a wand of iceblast (6)
 B - a wand of enslavement (18)
 D - a wand of paralysis (27)
Scrolls
 f - 3 scrolls of fog
 g - a scroll of teleportation
 i - 5 scrolls of enchant armour
 r - 2 scrolls of blinking
 w - 8 scrolls of remove curse
 x - 2 scrolls of amnesia
 A - 2 scrolls of fear
 F - a scroll of magic mapping {unknown}
 I - a scroll of identify
 J - a scroll of noise {unknown}
 L - a scroll of random uselessness {unknown}
Potions
 d - a potion of haste
 e - 2 potions of lignification
 q - 2 potions of mutation
 z - 4 potions of flight
 C - 5 potions of magic
 M - a potion of curing
Comestibles
 c - 20 rations


   Skills:
 + Level 9.6 Fighting
 * Level 10.8 Axes
 + Level 9.3 Armour
 + Level 6.9 Dodging
 + Level 9.2 Invocations


You had 11 spell levels left.
You didn't know any spells.
Your spell library contained the following spells:

 Spells                   Type           Power        Failure   Level  Hunger
 Summon Small Mammal      Summ           #...         93%         1    ##.....
 Summon Ice Beast         Ice/Summ       #.......     100%        4    #####..
 Call Imp                 Summ           #.......     98%         2    ###....
 Spider Form              Tmut/Pois      #.........   100%        3    ####...
 Blade Hands              Tmut           #.........   100%        5    ######.
 Ice Form                 Ice/Tmut       #.......     100%        4    #####..
 Sticks to Snakes         Tmut           #.......     98%         2    ###....
 Call Canine Familiar     Summ           #.......     100%        3    ####...
 Beastly Appendage        Tmut           #.....       93%         1    ##.....
 Summon Lightning Spire   Summ/Air       #.......     100%        4    #####..
 Summon Guardian Golem    Hex/Summ       #.......     100%        3    ####...


Dungeon Overview and Level Annotations

Branches:
Dungeon (12/15)            Temple (1/1) D:5            Lair (1/6) D:10
    Orc (1/2) D:11

Altars:
Ashenzari
Cheibriados
Dithmenos
Elyvilon
Fedhas
Gozag
Hepliaklqana
Kikubaaqudgha
Makhleb
Nemelex Xobeh
Okawaru
Qazlal
Ru
Sif Muna
Trog
Uskayaw
Vehumet
Wu Jian
Xom
Yredelemnul
Zin
The Shining One

Shops:
D:6 [

Annotations:
D:7 Prince Ribbit
D:12 Urug
Orc:1 Josephine


Innate Abilities, Weirdness & Mutations

You are resistant to torment.
Your stone body is resilient. (AC +8)
You are immune to poison.
You resist negative energy. (rN+)
You are resistant to electric shocks. (rElec)
You can survive without breathing.
You are immune to petrification.
You are immune to rotting.


Message History

The ice beast closely misses you. Urug barely misses you.
You miss Urug.
Urug is moderately wounded.
You hit the ice beast.
You melt the ice beast.
The ice beast hits you but does no damage.
You miss Urug.
Urug is moderately wounded.
You hit the ice beast.
You melt the ice beast.
You kill the ice beast!
Lugonu accepts your kill.
Urug hits you with a battleaxe of electrocution!
* * * LOW HITPOINT WARNING * * *
Urug throws a javelin of returning.
The javelin of returning hits you!
* * * LOW HITPOINT WARNING * * *
The weapon returns to Urug!
Urug throws a javelin of returning.
The javelin of returning hits you.
* * * LOW HITPOINT WARNING * * *
The weapon returns to Urug!
Urug throws a javelin of returning.
The javelin of returning hits you!!
You die...

. ..... ## .. .... ..
.. #..# ## #..
..#.##..####### ...
#.# .......o.......
###.##.#
...............
.......
..#.###.#.#####
#..... #.#.# #.....
#@#.# #....( #.#.#
#..... #.#.# ###....)
#.#.## #....#.#
#.<..######.#.##.#
#................#
####..^..#####(#.####
..........)..(.#.####
####.....#######.....


You could see Urug.

Vanquished Creatures
  A centaur warrior (D:12)
  Erica (D:8)
  2 two-headed ogres
  Sonja (D:12)
  The ghost of Borgoz the Chopper, a novice GrAK of Lugonu (D:7)
  Pikel (D:6)
  A manticore (D:10)
  A tengu conjurer (D:10)
  2 trolls
  Grinder (D:4)
  3 hippogriffs
  A vampire (D:11)
  Sigmund (D:2)
  A wraith (Ossuary)
  12 yaks
  Eustachio (D:6)
  3 wyverns
  2 basilisks
  A hungry ghost (D:8)
  A human (D:7)
  Edmund (D:6)
  3 porcupines (D:10)
  2 sky beasts
  3 black bears
  9 orc warriors
  2 slaves (D:6)
  2 phantoms
  2 eyes of draining
  3 ice beasts
  4 ogres
  7 centaurs
  2 crocodiles (D:10)
  6 big kobolds
  Blork the orc (D:5)
  6 bullfrogs
  9 scorpions
  A killer bee (D:8)
  9 wights
  2 howler monkeys
  4 crimson imps
  A bullfrog zombie (D:8)
  9 hounds
  8 orc priests
  Crazy Yiuf (D:2)
  A centaur zombie (D:9)
  A jelly (D:10)
  13 orc wizards
  2 bullfrog skeletons
  4 centaur skeletons
  2 iguanas
  11 worker ants
  A hound skeleton (D:6)
  A mummy (Ossuary)
  A howler monkey zombie (D:9)
  Robin (D:2)
  7 gnolls
  A howler monkey skeleton (D:9)
  2 river rats (Sewer)
  15 adders
  A shadow imp (D:12)
  3 oozes
  An adder skeleton (D:4)
  An adder zombie (D:10)
  8 worms
  A dart slug (D:1)
  4 leopard geckos
  54 orcs
  7 ball pythons
  8 bats
  14 giant cockroaches
  21 goblins
  15 hobgoblins
  18 jackals
  7 quokkas
  11 frilled lizards
  5 gnoll skeletons (Ossuary)
  24 kobolds
  3 kobold skeletons (Ossuary)
  17 orc skeletons (Ossuary)
  A quokka skeleton (D:5)
  12 rats
  3 butterflies (D:8)
  4 fungi (D:10)
  A plant (D:10)
442 creatures vanquished.

Vanquished Creatures (others)
  An ugly thing (D:10)
  A slave (D:6)
  35 fungi (D:10)
  17 plants (D:10)
  4 toadstools (D:1)
58 creatures vanquished.

Grand Total: 500 creatures vanquished

Notes
Turn   | Place    | Note
-------+----------+-------------------------------------------
     0 | Abyss:1  | Borgoz the Gargoyle Abyssal Knight began the quest for the Orb.
     0 | Abyss:1  | Reached XP level 1. HP: 14/14 MP: 2/2
   180 | Abyss:1  | Noticed a wretched star
   182 | D:1      | Escaped the Abyss
   494 | D:1      | Reached * piety under Lugonu
   496 | D:1      | Reached skill level 2 in Axes
   511 | D:1      | Reached XP level 2. HP: 16/19 MP: 3/3
   525 | D:1      | Reached skill level 1 in Dodging
   925 | D:1      | Reached XP level 3. HP: 10/23 MP: 4/4
  1648 | D:2      | Reached XP level 4. HP: 20/29 MP: 5/5
  1821 | D:2      | Noticed Robin
  1825 | D:2      | Reached ** piety under Lugonu
  1845 | D:2      | Killed Robin
  2057 | D:2      | Noticed Sigmund
  2106 | D:2      | Killed Sigmund
  2106 | D:2      | Reached skill level 3 in Axes
  2106 | D:2      | Reached XP level 5. HP: 16/33 MP: 5/7
  2106 | D:2      | Reached XP level 6. HP: 19/38 MP: 5/8
  2609 | D:2      | Found a runed door.
  2822 | D:2      | Noticed Crazy Yiuf
  2835 | D:2      | Killed Crazy Yiuf
  3417 | D:3      | Reached *** piety under Lugonu
  3903 | D:4      | Noticed Grinder
  3911 | D:4      | Paralysed by Grinder for 6 turns
  3922 | D:4      | Killed Grinder
  3922 | D:4      | Reached skill level 4 in Axes
  3922 | D:4      | Reached XP level 7. HP: 30/44 MP: 9/9
  4455 | D:4      | Found a radiant altar of Vehumet.
  4493 | D:4      | Reached skill level 5 in Fighting
  4493 | D:4      | Reached XP level 8. HP: 22/49 MP: 11/11
  5043 | D:5      | Entered Level 5 of the Dungeon
  5049 | D:5      | Noticed Blork the orc
  5052 | D:5      | Reached skill level 5 in Axes
  5055 | D:5      | Killed Blork the orc
  5100 | D:5      | Found an opulent altar of Gozag.
  5125 | D:5      | Found a sand-covered staircase.
  5130 | Ossuary  | Entered an ossuary
  5130 | Ossuary  | Noticed a wraith
  5130 | Ossuary  | Noticed a wraith
  5130 | Ossuary  | Noticed a wraith
  5156 | Ossuary  | Reached **** piety under Lugonu
  5294 | Ossuary  | Noticed a wraith
  5306 | Ossuary  | Killed a wraith
  5586 | D:5      | Found an iron altar of Okawaru.
  5630 | D:5      | Reached skill level 5 in Armour
  5725 | D:5      | Found a staircase to the Ecumenical Temple.
  5764 | Temple   | Entered the Ecumenical Temple
  6223 | D:5      | Reached skill level 5 in Invocations
  6244 | D:5      | Found a sparkling altar of Nemelex Xobeh.
  6536 | D:5      | Reached skill level 6 in Axes
  6599 | D:6      | Reached XP level 9. HP: 42/55 MP: 12/12
  6732 | D:6      | Found Ydait's Antique Armour Shoppe.
  6738 | D:6      | Noticed Edmund
  6762 | D:6      | Killed Edmund
  6769 | D:6      | Bought a twisted chain mail for 161 gold pieces
  6779 | D:6      | Identified the cursed +0 chain mail "Qebuh" {rN++} (You bought it in a shop on level 6 of the Dungeon)
  6873 | D:6      | Noticed Pikel
  6891 | D:6      | Killed Pikel
  6960 | D:6      | Reached skill level 7 in Axes
  6972 | D:6      | Found a glowing drain.
  6976 | Sewer    | Entered a sewer
  7537 | Sewer    | Reached ***** piety under Lugonu
  8422 | D:6      | Noticed Eustachio
  8438 | D:6      | Killed Eustachio
  8438 | D:6      | Reached XP level 10. HP: 61/61 MP: 14/14
  8557 | Abyss:1  | Noticed a tentacled starspawn
  8582 | Abyss:1  | Noticed a rakshasa
  8598 | D:6      | Escaped the Abyss
  8767 | D:7      | Found a runed door.
  8771 | D:7      | Found a basalt altar of Yredelemnul.
  8926 | D:7      | Paralysed by a wight for 7 turns
  8961 | D:7      | Reached skill level 8 in Axes
  9314 | D:7      | Noticed Prince Ribbit
  9340 | D:7      | Noticed Borgoz's ghost (novice GrAK)
  9350 | D:7      | Killed Borgoz's ghost
  9350 | D:7      | Reached skill level 5 in Dodging
  9396 | D:7      | Found a sacrificial altar of Ru.
  9493 | D:7      | Found a glowing golden altar of the Shining One.
 10014 | D:8      | Noticed a two-headed ogre
 10028 | D:8      | Killed a two-headed ogre
 10436 | D:8      | Found a white marble altar of Elyvilon.
 10464 | D:8      | You fall through a shaft for 2 floors!
 10464 | D:10     | Entered Level 10 of the Dungeon
 10590 | D:10     | Noticed a two-headed ogre
 10593 | D:10     | Noticed a manticore
 10593 | D:10     | a two-headed ogre changed into a manticore
 10623 | D:10     | HP: 2/64 [manticore (4)]
 10624 | D:10     | Killed a manticore
 10624 | D:10     | Reached skill level 9 in Axes
 10624 | D:10     | Reached XP level 11. HP: 2/68 MP: 16/16
 11256 | D:8      | Noticed Erica
 11267 | D:8      | Killed Erica
 11300 | D:8      | Found a runed door.
 11507 | D:8      | Found a runed door.
 11867 | D:9      | Found a radiant altar of Vehumet.
 11995 | D:9      | Noticed a two-headed ogre
 12012 | D:9      | Killed a two-headed ogre
 12067 | D:9      | Got a warped robe
 12804 | D:10     | Found a staircase to the Lair.
 12937 | D:11     | Found a staircase to the Orcish Mines.
 13408 | D:10     | Noticed a cyan ugly thing
 13473 | D:11     | Reached skill level 10 in Axes
 14601 | D:10     | Banished a cyan ugly thing
 14689 | D:10     | Reached XP level 12. HP: 39/76 MP: 18/18
 15518 | D:10     | HP: 1/76 [orc warrior/enchanted scimitar (16)]
 15840 | Lair:1   | Entered Level 1 of the Lair of Beasts
 16170 | Lair:1   | HP: 1/76 [komodo dragon (13)]
 16486 | Orc:1    | Entered Level 1 of the Orcish Mines
 16646 | Orc:1    | Noticed Josephine
 16701 | D:12     | Noticed Sonja
 16718 | D:12     | Killed Sonja
 17224 | D:12     | Noticed a centaur warrior
 17238 | D:12     | Killed a centaur warrior
 17386 | D:12     | Noticed Urug
 17411 | D:12     | HP: 1/76 [Urug/javelin of returning (5)]
 17412 | D:12     | Hit by a javelin of returning thrown by Urug

Vault maps used:
D:1:      ldierk_water_garden
D:2:      kennysheep_six_static_rooms, grunt_ministairs_2, uniq_sigmund,
          uniq_crazy_yiuf_cottage, uniq_robin
D:3:      first_ration
D:4:      fiery_altar_vehumet, uniq_grinder
D:5:      grunt_gozag_breadcrumbs, overflow_temple_1_default,
          minmay_temple_entry_junction_2, basic_altar, enter_ossuary_5,
          uniq_blork_the_orc
D:6:      gup_sewer_entry_bowl, serial_shops, shop, minmay_ogre_servants,
          uniq_edmund, uniq_eustachio, uniq_pikel
D:7:      nicolae_ru_awakened_eye, lemuel_crystal_altar, dk_yredelemnul_ordeal,
          uniq_prince_ribbit1
D:8:      lemuel_insect_pit, overflow_temple_1_default, uniq_erica
D:9:      basic_altar, minmay_checkerbox
D:10:     due_lair_maze_entry_diamond, grunt_tengu_nest
D:11:     hiddenorc1_lemuel
D:12:     enter_trove_2, lemuel_tele_altar, uniq_sonja, uniq_urug
Temple:   eino_temple_scatter_basement
Orc:1:    uniq_maurice, uniq_josephine, uniq_nergalle
Sewer:    sewer_co_tree
Ossuary:  ossuary_due_mausoleum

Skill      XL: |  1  2  3  4  5  6  7  8  9 10 11 12 |
---------------+-------------------------------------+-----
Axes           | 2 3 4 6 7 9 10 | 10.8
Dodging        | 1 2 3 4 5 6 |  6.9
Armour         | 3 4 5 6 7 8 9 |  9.3
Fighting       | 4 5 6 8 9 |  9.6
Invocations    | 3 4 5 6 7 8 9 |  9.2

Action                   |  1- 3 |  4- 6 |  7- 9 | 10-12 || total
-------------------------+-------+-------+-------+-------++-------
Melee: Hand axe          |   135 |   196 |   537 |  1061 ||  1929
       Unarmed           |       |    18 |       |       ||    18
       Mace              |       |       |    38 |       ||    38
Invok: Depart the Abyss  |     1 |       |       |     1 ||     2
       Enter the Abyss   |       |       |       |     1 ||     1
       Banish            |       |       |       |     1 ||     1
Evoke: Wand              |       |       |     5 |     9 ||    14
  Use: Potion            |       |     4 |     4 |    15 ||    23
       Scroll            |       |     6 |    13 |     6 ||    25
 Stab: Invisible         |       |     3 |       |    17 ||    20
       Distracted        |       |       |     1 |     1 ||     2
  Eat: Chunk             |     2 |     8 |    15 |    27 ||    52
       Ration            |       |       |       |     3 ||     3
Armor: Leather armour    |    75 |    95 |   130 |       ||   300
       Chain mail        |       |       |   143 |   671 ||   814
Dodge: Dodged            |    92 |   157 |   303 |   506 ||  1058

Table legend:
 A = Spawn XP
 B = Non-spawn XP
 C = Spawn XP percentage of total XP
 D = Spawn monster count
 E = Non-spawn monster count
 F = Spawn count percentage of total count
 G = Total turns spent on level
                    A         B        C        D         E        F      G
               +---------+---------+-------+---------+---------+-------+---------
         Total |       0 |   24224 |   0.0 |       0 |     433 |   0.0 | 17412
               +---------+---------+-------+---------+---------+-------+---------
           D:1 |       0 |      55 |   0.0 |       0 |      20 |   0.0 |  1199
           D:2 |       0 |     373 |   0.0 |       0 |      46 |   0.0 |  1509
           D:3 |       0 |      64 |   0.0 |       0 |      23 |   0.0 |  1010
           D:4 |       0 |     798 |   0.0 |       0 |      22 |   0.0 |  1143
           D:5 |       0 |     761 |   0.0 |       0 |      22 |   0.0 |   983
           D:6 |       0 |    1987 |   0.0 |       0 |      42 |   0.0 |  1399
           D:7 |       0 |    2229 |   0.0 |       0 |      21 |   0.0 |   989
           D:8 |       0 |    3386 |   0.0 |       0 |      37 |   0.0 |  1464
           D:9 |       0 |    1946 |   0.0 |       0 |      20 |   0.0 |  1077
          D:10 |       0 |    4041 |   0.0 |       0 |      40 |   0.0 |  2456
          D:11 |       0 |    3405 |   0.0 |       0 |      65 |   0.0 |  1794
          D:12 |       0 |    2714 |   0.0 |       0 |      11 |   0.0 |   401
        Lair:1 |       0 |    1597 |   0.0 |       0 |       8 |   0.0 |   370
         Orc:1 |       0 |     121 |   0.0 |       0 |       1 |   0.0 |   174
         Sewer |       0 |     495 |   0.0 |       0 |      28 |   0.0 |   693
       Ossuary |       0 |     252 |   0.0 |       0 |      27 |   0.0 |   384
               +---------+---------+-------+---------+---------+-------+---------
